 Dungeon Crawl Stone Soup version 0.28-a0-622-gbaef9634d7 (webtiles) character file.

Game seed: 5243975777341453143

180 ytrimaz the Chopper (level 5, -6/47 HPs)
             Began as a Hill Orc Monk on Oct 7, 2021.
             Mangled by an ogre (15 damage)
             ... on level 4 of the Dungeon.
             The game lasted 00:04:48 (4105 turns).

ytrimaz the Chopper (Hill Orc Monk)                 Turns: 4105, Time: 00:04:49

Health: -6/47      AC:  8    Str: 15    XL:     5   Next: 60%
Magic:  5/5        EV: 11    Int: 10    God:
Gold:   80         SH:  0    Dex: 13    Spells: 4/4 levels left

rFire   . . .      SeeInvis .   h - +1 hand axe (vorpal)
rCold   . . .      Faith    .   (no shield)
rNeg    . . .      Spirit   .   o - +0 scale mail
rPois   .          Reflect  .   (no helmet)
rElec   .          Harm     .   (no cloak)
rCorr   +          Rampage  .   p - +1 pair of gloves
Will    .....                   (no boots)
Stlth   +.........              (no amulet)
HPRegen 0.15/turn               m - ring of resist corrosion
MPRegen 0.09/turn               (no ring)

@: no status effects
A: sturdy frame 1
a: no special abilities


You were on level 4 of the Dungeon.
You visited 1 branch of the dungeon, and saw 4 of its levels.

You collected 80 gold pieces.

Inventory:

Hand Weapons
 h - a +1 vorpal hand axe (weapon)
Missiles
 c - 15 poisoned darts (quivered)
Armour
 o - a +0 scale mail (worn)
 p - a +1 pair of gloves (worn)
 q - the +5 plate armour "Xuxuom" {Dex+4}
   (You found it on level 4 of the Dungeon)

   Dex:       It affects your dexterity (+4).
Jewellery
 k - a ring of flight
 m - a ring of resist corrosion (left hand)
 n - a ring of ice
Wands
 l - a wand of flame (13)
Scrolls
 a - a scroll of torment {unknown}
 f - a scroll of identify {unknown}
 g - a scroll of amnesia {unknown}
 i - 2 scrolls of teleportation {unknown}
 j - a scroll of magic mapping
Potions
 b - a potion of cancellation {unknown}
 d - a potion of invisibility {unknown}
 e - a potion of mutation


   Skills:
 + Level 4.8 Fighting
 + Level 5.9 Axes
 * Level 0.5 Throwing
 * Level 1.6 Armour
 - Level 2.9 Dodging
 + Level 2.0 Stealth


You had 4 spell levels left.
You didn't know any spells.
Your spell library was empty.

Dungeon Overview and Level Annotations

Branches:
Dungeon (4/15)
 Temple: D:4-7

Altars:
Ashenzari
Elyvilon


Innate Abilities, Weirdness & Mutations

Your movements are slightly less encumbered by armour. (ER -2)


Message History

The white imp barely misses you.
You hit the white imp but do no damage.
The white imp is moderately wounded.
The white imp hits you. The white imp freezes you.
You slash the white imp!
You kill the white imp!
An orc comes into view. It is wielding a +0 dagger.
The orc shouts!
An ogre comes into view. It is wielding a +0 giant spiked club.
The ogre shouts!
The orc hits you but does no damage. The orc closely misses you.
You see here the +5 plate armour "Xuxuom" {Dex+4}.
q - the +5 plate armour "Xuxuom" {Dex+4} The orc hits you but does no damage.
Found an encrusted cabochon ring.
The orc hits you but does no damage. The orc hits you with a +0 dagger.
Okay, then.
The ogre closely misses you. The orc misses you. The ogre closely misses you.
You hit the orc but do no damage. You barely miss the ogre.
The orc hits you but does no damage.
The ogre hits you with a +0 giant spiked club!
You hit the orc.
The orc is moderately wounded.
You slash the ogre! The orc misses you. The orc barely misses you.
The ogre hits you with a +0 giant spiked club!
* * * LOW HITPOINT WARNING * * *
The orc closely misses you. The orc hits you with a +0 dagger.
* * * LOW HITPOINT WARNING * * *
The orc complains loudly.
The ogre barely misses you.
Okay, then.
The orc hits you with a +0 dagger.
* * * LOW HITPOINT WARNING * * *
The ogre hits you with a +0 giant spiked club!
You die...

#.#....# #...≈≈≈..##
######......###.........###
##.......#...##.......!....#
#..# #..†.....#..............
#..# #............O..<.......
#..# #....#..$....>..........
#..# #........#.>............
#..#.#####....#..............
#..#^......O@###.............
#..#######.o.# #............
#...........## #...........
..##............# ##.........
#...............# #........
####............#
##...........##
#............# ###.........##


You could see an ogre and an orc.

Vanquished Creatures
  A hound (D:4)
  5 gnolls
  5 adders
  A white imp (D:4)
  A worm (D:2)
  2 dart slugs (D:1)
  6 ball pythons
  10 endoplasms
  4 hobgoblins
  2 quokkas (D:2)
  2 bats
  2 frilled lizards (D:1)
  2 goblins (D:3)
  5 kobolds
  2 rats (D:1)
50 creatures vanquished.

Notes
Turn   | Place    | Note
-------+----------+-------------------------------------------
     0 | D:1      | ytrimaz the Hill Orc Monk began the quest for the Orb.
     0 | D:1      | Reached XP level 1. HP: 19/19 MP: 1/1
   172 | D:1      | Reached XP level 2. HP: 23/27 MP: 2/2
   469 | D:1      | Reached XP level 3. HP: 28/33 MP: 3/3
   624 | D:1      | Found a faded altar of an unknown god.
  1169 | D:2      | Reached skill level 5 in Axes
  1624 | D:1      | Reached XP level 4. HP: 39/41 MP: 4/4
  1633 | D:1      | Gained mutation: Your movements are slightly less
                  | encumbered by armour. (ER -2) [potion of mutation]
  2162 | D:2      | Reached skill level 1 in Armour
  2391 | D:2      | Reached XP level 5. HP: 35/47 MP: 5/5
  3718 | D:3      | Found a broken altar of Ashenzari.
  4047 | D:4      | Found a white marble altar of Elyvilon.
  4060 | D:4      | Noticed an ogre
  4062 | D:4      | Identified the +5 plate armour "Xuxuom" {Dex+4}
  4105 | D:4      | Mangled by an ogre

Illustrated notes

Levels and vault maps discovered:
D:1:      dpeg_arrival_court, layout_loops_ring,
          hellmonk_ecumenical_altar_blasted, minmay_misc_feat_iff
D:2:      layout_basic
D:3:      layout_loops_corners, mainiacjoe_overflow_small_starburst
D:4:      layout_cave_pods, mainiacjoe_overflow_catwalk, slow_altar_1,
          minmay_temple_entry_antechambers, gammafunk_ghost_mausoleum,
          corner_web_ring

Skill      XL: |  1  2  3  4  5 |
---------------+----------------+-----
Fighting       | 4 |  4.8
Axes           | 5 |  5.9
Armour         | 1 |  1.6
Stealth        | 2 |  2.0
Throwing       | |  0.5
Dodging        | |  2.9

Action                   |  1- 3 |  4- 6 || total
-------------------------+-------+-------++-------
Melee: Hand axe          |    65 |   113 ||   178
  Use: Scroll            |     3 |       ||     3
       Potion            |       |     3 ||     3
 Stab: Distracted        |     1 |       ||     1
Armor: Robe              |     7 |       ||     7
       Leather armour    |     4 |    11 ||    15
       Skin              |       |     4 ||     4
       Scale mail        |       |    16 ||    16
Dodge: Dodged            |    49 |    85 ||   134

Table legend: (Time is in decaauts)
 A = Elapsed time spent in this place.
 B = Non-inter-level travel time spent in this place.
 C = Inter-level travel time spent in this place.
 D = Time resting spent in this place.
 E = Time spent auto-exploring this place.
 F = Levels seen in this place.
 G = Mean time per level.
                   A        B        C        D        E       F      G
               +--------+--------+--------+--------+--------+-----+--------+
         Total |   4113 |   3980 |    133 |    455 |   2835 |   4 | 1028.2 |
       Dungeon |   4113 |   3980 |    133 |    455 |   2835 |   4 | 1028.2 |
               +--------+--------+--------+--------+--------+-----+--------+

Top non-repeatable levels by time:
     D:2: 1478 daAuts
     D:1: 1458 daAuts
     D:3: 989 daAuts
     D:4: 187 daAuts
